 Dungeon Crawl Stone Soup version 0.21.1-1-g345015f (webtiles) character file.

202 poljik2 the Shield-Bearer (level 5, -1/45 HPs)
             Began as a Demigod Fighter on Mar 29, 2018.
             Shot with an arrow by a centaur (4 damage)
             ... on level 4 of the Dungeon on Apr 5, 2018.
             The game lasted 00:40:34 (3926 turns).

poljik2 the Shield-Bearer (Demigod Fighter)         Turns: 3926, Time: 00:40:34

Health: -1/45      AC:  9    Str: 19    XL:     5   Next: 25%
Magic:  7/7        EV:  5    Int: 12    God:
Gold:   177        SH:  9    Dex: 17    Spells: 4/4 levels left

rFire    . . .     SeeInvis .   a - +0 war axe
rCold    . . .     Gourm    .   c - +0 shield
rNeg     . . .     Faith    .   o - +0 chain mail
rPois    .         Spirit   .   (no helmet)
rElec    .         Reflect  .   (no cloak)
rCorr    .         Harm     .   (no gloves)
MR       .....                  (no boots)
Stlth    ..........             (no amulet)
HPRegen  0.15/turn              (no ring)
MPRegen  0.10/turn              (no ring)

@: no status effects
A: high mp 1
a: no special abilities


You were on level 4 of the Dungeon.
You were not hungry.

You visited 1 branch of the dungeon, and saw 4 of its levels.

You collected 177 gold pieces.

Inventory:

Hand Weapons
 a - a +0 war axe (weapon)
 b - a +0 hunting sling
Missiles
 e - 33 bolts
 g - 34 stones
 m - a throwing net
 n - 2 tomahawks (quivered)
Armour
 c - a +0 shield (worn)
 h - a +0 large shield
 o - a +0 chain mail (worn)
Wands
 d - a wand of enslavement (1)
 q - a wand of flame (17)
Scrolls
 i - a scroll of blinking {unknown}
 j - 5 scrolls of teleportation
Potions
 k - a potion of mutation
Comestibles
 f - 3 rations
 p - 3 chunks of flesh


   Skills:
 + Level 3.4 Fighting
 + Level 2.9 Axes
 + Level 1.1(1.3) Slings
 + Level 1.0(1.2) Throwing
 + Level 3.3 Armour
 + Level 0.6 Dodging
 * Level 3.5 Shields


You had 4 spell levels left.
You didn't know any spells.

Dungeon Overview and Level Annotations

Branches:
Dungeon (4/15)
 Temple: D:4-7


Innate Abilities, Weirdness & Mutations

You have an increased reservoir of magic. (+10% MP)


Message History

Throwing (i - inventory. (,) - cycle):
n - 3 tomahawks (quivered)
Press: ? - help, Shift-Dir - straight line, f/p - centaur
Aim: a centaur, wielding a shortbow of freezing (heavily wounded)
You throw a tomahawk. The tomahawk hits the centaur.
The centaur is severely wounded.
The centaur shoots an arrow.
You block the arrow.
The centaur shoots an arrow.
The arrow hits you.
* * * LOW HITPOINT WARNING * * *
The arrow freezes you.
* * * LOW HITPOINT WARNING * * *
A quokka comes into view.
The centaur shoots an arrow.
You block the arrow.
You see here an arrow.
The centaur shoots an arrow.
The arrow hits you.
* * * LOW HITPOINT WARNING * * *
The arrow freezes you.
* * * LOW HITPOINT WARNING * * *
You see here an arrow.
The centaur shoots an arrow.
The arrow hits you.
You die...

#.# #.....## #...
......# #..###.....#
#..........#
#..<#......#
######..##......#
#...............#
#.......####'##+#+#.
#......@.(((..c.....
#......#####........
#...... ##.......
#...... ....(..
#...... .....(.
#...... .......
####### .......
.......


You could see a centaur.

Vanquished Creatures
  Ijyb (D:3)
  A worker ant (D:4)
  5 gnolls
  4 adders
  An adder skeleton (D:4)
  8 leopard geckos
  7 bats
  4 goblins
  8 hobgoblins
  6 quokkas
  3 frilled lizards
  11 kobolds
  5 rats
  2 plants (D:2)
66 creatures vanquished.

Vanquished Creatures (others)
  2 plants (D:2)
2 creatures vanquished.

Grand Total: 68 creatures vanquished

Notes
Turn   | Place    | Note
-------+----------+-------------------------------------------
     0 | D:1      | poljik2 the Demigod Fighter began the quest for the Orb.
     0 | D:1      | Reached XP level 1. HP: 18/18 MP: 3/3
   523 | D:1      | Reached XP level 2. HP: 25/25 MP: 4/4
  1329 | D:2      | Reached XP level 3. HP: 29/31 MP: 5/5
  1723 | D:2      | Reached skill level 1 in Slings
  1770 | D:2      | Found a shimmering altar of Xom.
  1876 | D:2      | Reached XP level 4. HP: 31/38 MP: 6/6
  2648 | D:3      | Noticed Ijyb
  2705 | D:3      | Killed Ijyb
  3174 | D:3      | Reached XP level 5. HP: 9/45 MP: 7/7
  3815 | D:4      | Reached skill level 1 in Throwing
  3919 | D:4      | Noticed a centaur
  3926 | D:4      | Shot with an arrow by a centaur

Skill      XL: |  1  2  3  4  5 |
---------------+----------------+-----
Shields        | 3 |  3.5
Axes           | 2 |  2.9
Fighting       | 3 |  3.4
Slings         | 1 |  1.1
Armour         | 3 |  3.3
Throwing       | 1 |  1.0
Dodging        | |  0.6

Action                   |  1- 3 |  4- 6 || total
-------------------------+-------+-------++-------
Melee: War axe           |   158 |   130 ||   288
 Fire: Hunting sling     |    16 |     3 ||    19
Throw: Stone             |     9 |     4 ||    13
       Tomahawk          |       |    19 ||    19
  Use: Scroll            |     4 |     3 ||     7
       Potion            |       |     4 ||     4
  Eat: Ration            |     1 |     2 ||     3
       Chunk             |       |     1 ||     1
Armor: Scale mail        |    73 |     9 ||    82
       Chain mail        |       |    54 ||    54
Dodge: Dodged            |    56 |    37 ||    93
Block: Shield            |    72 |    61 ||   133
